 Dungeon Crawl Stone Soup version 0.29.1-1-gd02db6906a (webtiles) character file.

Game seed: 4557206586389015952

19373 raph the Frost Mage (level 12, -5/86 HPs)
             Began as a Merfolk Ice Elementalist on Oct 20, 2022.
             Was a Priest of Sif Muna.
             Killed by divine providence
             ... invoked by a meliai
              (14 damage)
             ... in a Gauntlet.
             The game lasted 00:35:45 (19616 turns).

raph the Frost Mage (Merfolk Ice Elementalist)     Turns: 19616, Time: 00:35:45

Health: -5/86      AC: 29    Str:  9    XL:     12   Next: 68%
Magic:  16/22      EV: 14    Int: 22    God:    Sif Muna [***...]
Gold:   675        SH:  5    Dex: 19    Spells: 6/25 levels left

rFire   . . .      SeeInvis .   a - +4 glaive
rCold   + . .      Faith    .   (shield currently unavailable)
rNeg    . . .      Spirit   .   n - +5 ring mail "Put-Me-On" {rC+ Will+ Dex+4}
rPois   .          Reflect  +   k - +0 helmet
rElec   .          Harm     .   B - +1 cloak
rCorr   .          Rampage  .   t - +1 pair of gloves {infuse}
Will    +....      NoTele   +   N - +2 pair of boots
Stlth   ++........              v - amulet of reflection
HPRegen 0.24/turn               A - ring of wizardry
MPRegen 0.18/turn               w - ring of Starshine {AC+4 Int+4}

@: lethally poisoned (-5 -> -17), ice-armoured, freezing walls
A: (nimble swimmer 2), mertail
a: Renounce Religion, Channel Magic, Forget Spell


You were in a Gauntlet.
You worshipped Sif Muna.
Sif Muna was most pleased with you.
You visited 3 branches of the dungeon, and saw 14 of its levels.
You also visited: Gauntlet.

You collected 1458 gold pieces.
You spent 783 gold pieces at shops.

Inventory:

Hand Weapons
 a - a +4 glaive (weapon)
 b - a +4 vorpal spear
 q - a +0 giant club
 I - a +3 trident of protection
Missiles
 d - 163 stones
 o - 2 throwing nets
 r - 6 curare-tipped darts
 M - 8 poisoned darts
Armour
 f - +0 swamp dragon scales
 k - a +0 helmet (worn)
 n - the +5 ring mail "Put-Me-On" (worn) {rC+ Will+ Dex+4}
   (You took it off a gnoll bouda on level 3 of the Dungeon)

   Dex:       It affects your dexterity (+4).
   rC:        It protects you from cold.
   Will:      It increases your willpower.
 t - a +1 pair of gloves of infusion (worn)
 B - a +1 cloak (worn)
 J - +0 ice dragon scales
 N - a +2 pair of boots (worn)
Jewellery
 u - a ring of see invisible
 v - an amulet of reflection (around neck)
 w - the ring of Starshine (right hand) {AC+4 Int+4}
   (You found it on level 4 of the Dungeon)

   [ring of protection]

   AC:        It affects your AC (+4).
   Int:       It affects your intelligence (+4).
 x - a +4 ring of protection
 A - a ring of wizardry (left hand)
 O - a +6 ring of strength
Wands
 g - a wand of mindburst (14)
 m - a wand of roots (9)
 T - a wand of paralysis (11)
Scrolls
 c - 13 scrolls of teleportation
 y - 3 scrolls of fear
 z - 2 scrolls of butterflies
 E - a scroll of identify
 F - a scroll of silence
 H - 3 scrolls of blinking
 Q - a scroll of magic mapping
Potions
 e - a potion of resistance
 h - 6 potions of curing
 i - 4 potions of heal wounds
 j - 2 potions of brilliance
 l - 6 potions of flight
 p - a potion of lignification
 s - 3 potions of haste
 C - 2 potions of cancellation
 D - a potion of berserk rage
 G - 3 potions of mutation
 K - a potion of might
 L - 4 potions of attraction
 P - a potion of magic
 R - a potion of invisibility
Miscellaneous
 S - a box of beasts (inert)


   Skills:
 - Level 5.5 Fighting
 + Level 7.0 Polearms
 - Level 3.7 Armour
 - Level 7.2 Dodging
 - Level 2.1 Stealth
 + Level 7.0 Spellcasting
 * Level 8.3 Conjurations
 + Level 12.0 Ice Magic
 * Level 8.8 Invocations


You had 6 spell levels left.
You knew the following spells:

 Your Spells              Type           Power      Damage    Failure   Level
a - Freeze                Ice            100%       1d11      1%          1
b - Frozen Ramparts       Ice            100%       1d16      1%          3
c - Ozocubu's Armour      Ice            57%        N/A       1%          3
d - Hailstorm             Conj/Ice       51%        3d11      1%          4
e - Freezing Cloud        Conj/Ice/Air   18%        6-21      16%         5
f - Mephitic Cloud        Conj/Pois/Air  19%        N/A       9%          3

Your spell library contained the following spells:

 Spells                   Type           Power      Damage    Failure   Level
 Ignite Poison            Fire/Tmut/Pois 7%         N/A       26%         3
 Inner Flame              Hex/Fire       7%         N/A       26%         3
 Cause Fear               Hex            3%         N/A       61%         4
 Discord                  Hex            3%         N/A       100%        8


Dungeon Overview and Level Annotations

Branches:
Dungeon (11/15)            Temple (1/1) D:6            Lair (2/5) D:11
 Spider (0/4) Lair:2          Orc (0/2) D:9         Gauntlet (1/1)
  Swamp: Lair:2-3    Shoals: Lair:2-3

Altars:
Ashenzari
Cheibriados
Dithmenos
Elyvilon
Fedhas
Gozag
Hepliaklqana
Kikubaaqudgha
Makhleb
Nemelex Xobeh
Okawaru
Qazlal
Ru
Sif Muna
Trog
Uskayaw
Vehumet
Wu Jian
Xom
Yredelemnul
Zin
The Shining One

Shops:
D:1 *!*?!   D:2 [   D:10 :   D:11 ?

Annotations:
D:4 4 runed translucent doors Gauntlet 9 transporters, 2 runed translucent doors, exclusion: oklob plant


Innate Abilities, Weirdness & Mutations

((You are very nimble when in or above water. (Stealth+, EV+, Speed+++)))
Your lower body shifts to a powerful aquatic tail in water.


Message History

A film of ice covers your body!
The wall freezes the meliai.
The wall freezes the meliai but does no damage.
The meliai closely misses you. The meliai stings you.
You are poisoned.
The meliai poisons you!
The wall freezes the meliai.
You block the meliai's attack. The meliai completely misses you.
The wall freezes the meliai.
The meliai calls upon its god to heal the meliai.
The meliai's wounds heal themselves!
You completely miss the meliai.
You feel extremely sick.
The wall freezes the meliai.
The meliai calls down the wrath of its god upon you.
Something smites you!
The wall freezes the meliai.
The meliai hits you with a +1 vorpal hand axe.
You block the meliai's attack.
The wall freezes the meliai. x2
The meliai mumbles some strange prayers to its god against you.
Something smites you!
The wall freezes the meliai but does no damage.
The wall freezes the meliai.
The meliai hits you but does no damage. The meliai stings you.
You open the lid... ...and a juvenile shockox beast leaps out!
The box is emptied!
You feel very sick.
The wall freezes the meliai.
The meliai invokes the aid of its god against you.
Something smites you!
* * * LOW HITPOINT WARNING * * *
The wall freezes the meliai.
The meliai hits you but does no damage.
The meliai hits your juvenile shockox beast but does no damage.
The meliai stings you but does no damage.
The wall freezes the meliai.
The meliai calls down the wrath of its god upon you.
Something smites you!
* * * LOW HITPOINT WARNING * * *
The wall freezes the meliai.
The meliai mumbles some strange prayers to its god against you.
Something smites you!
You die...

#.#.#≈#≈#...#.Z.^..[#.....#...#
#.#.≈≈≈≈≈...#########.....#.©.##.
#©#.#≈#≈#.♣............∩..#......
#.#.≈≈≈≈≈PP.#########.....#.©.##.
#.#.#≈#≈#...#.....y.#.....#...#
#.#..PPPP...#..#.#.[#...P.#.©.##.
#.#...♣...###..#.#.?#..P♣.#......
#.#.......#©#..#©#.©#..P..#.♣.##.
#.#########.#..#@#..#.♣..##...#
#.#.......#.#..#y#.=#.P.## .♣.#
#.#..####.#.#..yyH..#...≈##...#
#.#.#.....#.#########.P.≈≈# # #
#©#.#.©####©#.........♣.≈##
###.#.#.JJ#.#########.P.##
..#.#.#..##.#99Y9...#...≈##
..#...#.#©#.#.##...?#...≈≈#
..#########.#.##...9#.♣.≈##


You could see a catoblepas, a molten gargoyle, 2 gargoyles, 3 meliai and a
friendly juvenile shockox beast (summoned).

Vanquished Creatures
  Josephine (D:10)
  3 two-headed ogres (D:11)
  Lodul (D:11)
  2 cyclopes (D:11)
  A manticore (D:10)
  Maurice (D:11)
  2 cane toads (Lair:1)
  Maggie (D:10)
  3 komodo dragons
  Psyche (D:9)
  3 trolls
  9 blink frogs (Lair:1)
  6 wraiths
  2 wyverns
  Eustachio (D:6)
  26 yaks
  A steam dragon (Lair:1)
  A warg (D:9)
  An acid dragon (D:10)
  Duvessa (D:4)
  2 water moccasins
  5 orc warriors
  A sky beast (D:7)
  9 ogres
  3 centaurs
  3 kobold brigands
  4 bullfrogs
  2 gnoll sergeants
  3 scorpions
  14 wights
  Dowan (D:4)
  13 killer bees
  4 howler monkeys (D:3)
  A hound (D:6)
  A jelly (Gauntlet)
  3 orc priests
  Crazy Yiuf (D:5)
  A gnoll bouda (D:3)
  6 iguanas
  13 orc wizards
  7 hell rats (Lair:2)
  Robin (D:3)
  3 adders
  21 gnolls
  A white imp (D:5)
  2 ufetubi
  2 worms (D:2)
  4 dart slugs
  48 orcs
  6 ball pythons
  3 bats
  4 endoplasms
  A giant cockroach (D:4)
  15 goblins
  18 hobgoblins
  14 jackals
  2 quokkas
  4 frilled lizards (D:1)
  23 kobolds
  5 rats
341 creatures vanquished.

Vanquished Creatures (others)
  4 fungi
  12 plants
16 creatures vanquished.

Grand Total: 357 creatures vanquished

Notes
Turn   | Place    | Note
-------+----------+-------------------------------------------
     0 | D:1      | raph the Merfolk Ice Elementalist began the quest for the
                  | Orb.
     0 | D:1      | Reached XP level 1. HP: 13/13 MP: 3/3
    45 | D:1      | Found a faded altar of an unknown god.
   111 | D:1      | Found Xometukk's Distillery.
   587 | D:1      | Reached XP level 2. HP: 16/19 MP: 0/5
   697 | D:1      | Reached skill level 5 in Ice Magic
   864 | D:1      | Found Emoce's Magic Scroll Emporium.
   884 | D:1      | Found Timunn's Assorted Antiques.
   939 | D:1      | Found Rysuz's Distillery.
  1125 | D:1      | Reached XP level 3. HP: 24/24 MP: 2/6
  1131 | D:1      | Learned a level 3 spell: Frozen Ramparts
  1557 | D:1      | Found Lile's Assorted Antiques.
  1724 | D:1      | Bought a potion of heal wounds for 55 gold pieces
  2391 | D:2      | Found Panlei's Armour Emporium.
  2399 | D:2      | Bought a +0 helmet for 49 gold pieces
  2445 | D:2      | You fall into a shaft and drop 1 floor!
  2498 | D:3      | Reached skill level 6 in Ice Magic
  2503 | D:3      | Reached XP level 4. HP: 30/30 MP: 3/7
  3606 | D:3      | Learned a level 3 spell: Ozocubu's Armour
  3996 | D:3      | Reached XP level 5. HP: 22/35 MP: 5/8
  4003 | D:3      | Noticed a kobold brigand
  4015 | D:3      | Killed a kobold brigand
  4016 | D:3      | Reached skill level 7 in Ice Magic
  4412 | D:3      | Reached XP level 6. HP: 36/41 MP: 5/9
  4419 | D:3      | Reached skill level 8 in Ice Magic
  5175 | D:3      | Identified the +5 ring mail "Put-Me-On" {rC+ Will+ Dex+4}
  5195 | D:3      | Reached skill level 9 in Ice Magic
  5195 | D:3      | Reached XP level 7. HP: 40/46 MP: 1/10
  5421 | D:4      | Noticed Robin
  5662 | D:3      | Reached skill level 1 in Fighting
  5741 | D:3      | Killed Robin
  6027 | D:4      | Found a white marble altar of Elyvilon.
  6033 | D:4      | Found a snail-covered altar of Cheibriados.
  6038 | D:4      | Found a sacrificial altar of Ru.
  6075 | D:4      | Found a large runed translucent door.
  6104 | D:4      | Found a large runed translucent door.
  6131 | D:4      | Reached skill level 1 in Armour
  6240 | D:4      | Found a large runed translucent door.
  6240 | D:4      | Found a large runed translucent door.
  6457 | D:1      | Bought a pair of glowing gloves for 217 gold pieces
  6618 | D:4      | Found a stormy altar of Qazlal.
  6675 | D:4      | Found an ancient bone altar of Kikubaaqudgha.
  7132 | D:4      | Learned a level 4 spell: Hailstorm
  7236 | D:4      | Identified the ring of Starshine {AC+4 Int+4}
  7384 | D:4      | Noticed Duvessa
  7384 | D:4      | Noticed Dowan
  7395 | D:4      | Killed Dowan
  7409 | D:4      | Killed Duvessa
  7410 | D:4      | Reached skill level 1 in Conjurations
  7410 | D:4      | Reached XP level 8. HP: 25/57 MP: 0/12
  7709 | D:5      | Entered Level 5 of the Dungeon
  8199 | D:5      | Found a runed translucent door.
  8200 | D:5      | Noticed Crazy Yiuf
  8206 | D:5      | Killed Crazy Yiuf
  8490 | D:5      | Found a radiant altar of Vehumet.
  9172 | D:6      | Found a staircase to the Ecumenical Temple.
  9186 | Temple   | Entered the Ecumenical Temple
  9186 | Temple   | Found a transporter.
  9186 | Temple   | Found a transporter.
  9188 | Temple   | Found a transporter.
  9188 | Temple   | Found a transporter.
  9256 | Temple   | Became a worshipper of Sif Muna the Loreminder
  9416 | D:6      | Noticed Eustachio
  9427 | D:6      | Killed Eustachio
  9870 | D:7      | Reached skill level 5 in Dodging
 10009 | D:7      | Reached XP level 9. HP: 59/64 MP: 0/14
 10588 | D:7      | Reached skill level 10 in Ice Magic
 11327 | D:8      | Reached * piety under Sif Muna
 11582 | D:8      | Reached skill level 1 in Invocations
 11630 | D:8      | Learned a level 5 spell: Freezing Cloud
 12472 | D:9      | Noticed Psyche
 12656 | D:8      | Reached XP level 10. HP: 73/73 MP: 12/16
 12722 | D:9      | Found a staircase to the Orcish Mines.
 12933 | D:9      | Killed Psyche
 12934 | D:9      | Reached skill level 5 in Fighting
 13203 | D:9      | Found an iron altar of Okawaru.
 13217 | D:9      | Reached skill level 5 in Conjurations
 13217 | D:9      | Reached ** piety under Sif Muna
 13218 | D:9      | Reached skill level 1 in Polearms
 13232 | D:9      | Reached skill level 5 in Spellcasting
 14406 | D:1      | Bought 2 scrolls of identify for 56 gold pieces
 14406 | D:1      | Bought a scroll of blinking for 105 gold pieces
 14474 | D:2      | Bought a +2 pair of boots for 181 gold pieces
 14652 | D:10     | Entered Level 10 of the Dungeon
 14776 | D:10     | Noticed Maggie
 14784 | D:10     | Killed Maggie
 14921 | D:10     | Reached XP level 11. HP: 76/80 MP: 3/18
 15074 | D:10     | Reached skill level 5 in Invocations
 15136 | D:10     | Found Ihair's Self-Improvement Boutique.
 15212 | D:10     | Reached skill level 11 in Ice Magic
 15481 | D:10     | Noticed Josephine
 15493 | D:10     | Killed Josephine
 15892 | D:11     | Noticed a manticore
 15899 | D:10     | Killed a manticore
 16075 | D:11     | Learned a level 3 spell: Mephitic Cloud
 16175 | D:11     | Noticed Lodul
 16208 | D:11     | Reached *** piety under Sif Muna
 16330 | D:11     | Killed Lodul
 16441 | D:11     | Noticed Maurice
 16444 | D:11     | Noticed a two-headed ogre
 16450 | D:11     | Killed Maurice
 16451 | D:11     | Reached skill level 5 in Polearms
 16452 | D:11     | Killed a two-headed ogre
 16607 | D:11     | Found a staircase to the Lair.
 16611 | D:11     | Found Xechuoza's Magic Scroll Boutique.
 16622 | D:11     | Bought a scroll of enchant weapon for 120 gold pieces
 16641 | D:11     | Noticed a two-headed ogre
 16646 | D:11     | Killed a two-headed ogre
 16853 | D:11     | Noticed a two-headed ogre
 16855 | D:11     | Noticed a cyclops
 16858 | D:11     | Killed a two-headed ogre
 16862 | D:11     | Killed a cyclops
 16863 | D:11     | Reached XP level 12. HP: 62/86 MP: 9/21
 17218 | Lair:1   | Entered Level 1 of the Lair of Beasts
 19003 | Lair:2   | Reached skill level 12 in Ice Magic
 19029 | Lair:2   | Found a gate leading to a gauntlet.
 19081 | Gauntlet | Entered a Gauntlet
 19081 | Gauntlet | Found a transporter.
 19125 | Gauntlet | Found a transporter.
 19127 | Gauntlet | Found a transporter.
 19138 | Gauntlet | Found a transporter.
 19141 | Gauntlet | Found a transporter.
 19145 | Gauntlet | Found a runed translucent door.
 19147 | Gauntlet | Found a runed translucent door.
 19149 | Gauntlet | Found a transporter.
 19170 | Gauntlet | Found a transporter.
 19181 | Gauntlet | Found a transporter.
 19193 | Gauntlet | Found a transporter.
 19200 | Gauntlet | Noticed a catoblepas
 19213 | Gauntlet | Found a transporter.
 19216 | Gauntlet | Found a transporter.
 19227 | Gauntlet | Found a transporter.
 19287 | Gauntlet | Found a transporter.
 19287 | Gauntlet | Found a transporter.
 19616 | Gauntlet | Killed from afar by a meliai

Illustrated notes

Levels and vault maps discovered:
D:1:      giann_horns, layout_loops_corners, serial_shops,
          nicolae_shop_overgrown_old_shop, nicolae_diamond_shop,
          nicolae_shop_waterfront, shop, shop, basic_ecumenical_altar,
          roderic_lattice_a
D:2:      layout_rooms, serial_forest, infiniplex_forest_clump_diagonal,
          infiniplex_forest_straight_4, infiniplex_forest_clump_tiny,
          infiniplex_forest_pool, infiniplex_forest_clump_double,
          infiniplex_forest_end_2, infiniplex_forest_end_3, serial_shops,
          nicolae_square_shop, kennysheep_generic_room_8
D:3:      lemuel_castle_with_subvaults [lemuel_castle_interior_carwin_1],
          layout_rooms, corexii_corridor_pit
D:4:      layout_basic, nicolae_qazlal_scattered_showers,
          mainiacjoe_overflow_alcove_4, minmay_overflow_temple_star_quad,
          minivault_23, minmay_hollow_rounded_squares, uniq_duvessa, uniq_robin
D:5:      layout_gridville, marbit_many_paths, minmay_misc_feat_roman,
          amcnicky_mini_rare_corridor_liquid, kennysheep_small_square,
          uniq_crazy_yiuf_cottage
D:6:      layout_basic, minmay_temple_entry_large_hall, uniq_eustachio
D:7:      layout_rooms
D:8:      layout_basic
D:9:      layout_gridville, mainiacjoe_overflow_surrounded_room, erik_orc_3,
          uniq_psyche
D:10:     layout_rooms, nicolae_shop_self_help, uniq_maggie, uniq_josephine
D:11:     layout_roguey, lair_entry_dummy, serial_shops, nicolae_stop_n_shop_2,
          minmay_fractal_squares_gapless_5, uniq_lodul, uniq_maurice
Temple:   hellmonk_temple_divided_pantheon
Lair:1:   layout_long_grid
Lair:2:   layout_regular_city, nicolae_spider_entry_orb_guardian,
          gauntlet_entry_generic, roderic_batcave, st_stairs_8,
          beast_lair_carwin_8, infiniplex_staircase_pool_2
Gauntlet: minmay_gauntlet_77_tree [minmay_gauntlet_arena_77_mirror,
          minmay_gauntlet_arena_77_radiant_squares,
          minmay_gauntlet_arena_77_hold_the_fort,
          minmay_gauntlet_arena_77_block_sizes,
          minmay_gauntlet_arena_77_chump_sandwich,
          minmay_gauntlet_arena_77_braids, minmay_gauntlet_arena_77_cramped,
          gauntlet_exit_watery]

Skill      XL: |  1  2  3  4  5  6  7  8  9 10 11 12 |
---------------+-------------------------------------+-----
Ice Magic      | 5 6 7 9 10 11 12 | 12.0
Dodging        | 4 5 6 7 |  7.2
Fighting       | 2 3 4 5 |  5.5
Armour         | 1 2 3 |  3.7
Conjurations   | 1 2 4 5 7 8 |  8.3
Spellcasting   | 3 4 5 6 7 |  7.0
Invocations    | 1 4 7 8 |  8.8
Polearms       | 3 5 7 |  7.0
Stealth        | |  2.1

Action                   |  1- 3 |  4- 6 |  7- 9 | 10-12 || total
-------------------------+-------+-------+-------+-------++-------
Melee: Short sword       |    40 |    61 |       |       ||   101
       Tailslap          |       |     2 |       |     3 ||     5
       Halberd           |       |    30 |   183 |    25 ||   238
       Glaive            |       |       |       |   232 ||   232
Throw: Stone             |       |     3 |       |       ||     3
 Cast: Freeze            |    28 |     2 |     4 |     2 ||    36
       Frozen Ramparts   |     5 |    36 |    43 |    45 ||   129
       Ozocubu's Armour  |       |     4 |    11 |    19 ||    34
       Hailstorm         |       |       |    13 |    18 ||    31
       Freezing Cloud    |       |       |       |    10 ||    10
       Mephitic Cloud    |       |       |       |     2 ||     2
Invok: Channel Magic     |       |       |       |     2 ||     2
Evoke: Wand              |       |       |       |     4 ||     4
       Box of beasts     |       |       |       |     1 ||     1
  Use: Scroll            |     3 |     5 |    12 |    10 ||    30
       Potion            |       |     1 |     3 |       ||     4
 Stab: Sleeping          |     3 |     3 |     1 |     1 ||     8
       Distracted        |       |       |     1 |       ||     1
Armor: Robe              |     6 |    18 |       |       ||    24
       Ring mail         |       |       |   122 |   180 ||   302
Dodge: Dodged            |    40 |    76 |   135 |   223 ||   474
Block: Other             |       |       |    47 |    87 ||   134
       Reflection        |       |       |     1 |     2 ||     3
